Map: Ulrena

Players

Miszu - Winner!

  • Race: Terran Terran
  • League: Master

mycerion

  • Race: Terran Terran
  • League: Master

VOD

Have the link to the VOD?

Description

Time

  • Played on: May 2, 2016, 7:56 a.m.
  • Length: 12:48
Show
View Real Time Build Order
Export as new Build Order

Miszu Terran - Winner!

Build Orders: 1/1/1 

Get SALT Encoding   

  12  0:01  SCV  
  13  0:13  SCV  
  14  0:18  Supply Depot  
  14  0:25  SCV  
  15  0:32  Refinery  
  15  0:39  SCV  
  16  0:45  Barracks  
  16  0:51  SCV  
  16  0:57  Refinery  
  17  1:03  SCV  
  18  1:16  SCV  
  19  1:28  SCV  
  20  1:33  Factory  
  20  1:36  Reaper  
  21  1:44  Orbital Command  
  21  1:54  Supply Depot  
  21  2:08  Reaper  
  21  2:10  SCV  
  23  2:18  Hellion  
  23  2:22  SCV  
  26  2:26  Starport  
  26  2:34  SCV  
  27  2:39  Hellion  
  27  2:40  Reaper  
  30  2:46  Supply Depot  
  30  2:49  SCV  
  31  3:07  Medivac  
  31  3:08  Hellion  
  35  3:16  Barracks Tech Lab  
  35  3:30  Command Center  
  35  3:35  Factory Tech Lab  
  35  3:38  Supply Depot  
  35  3:41  SCV  
  35  3:44  Barracks Reactor  
  36  3:49  Raven  
  38  3:57  SCV  
  39  4:09  Cyclone  
  42  4:17  SCV  
  34  4:31  SCV  
  26  4:43  SCV  
  25  4:50  Orbital Command  
  25  4:53  Siege Tank  
  25  4:58  SCV  
  30  5:10  SCV  
  29  5:22  SCV  
  29  5:25  SCV  
  31  5:28  Siege Tank  
  31  5:35  Viking  
  36  5:41  SCV  
  36  5:42  SCV  
  38  5:46  Marine  
  39  5:51  Viking  
  39  5:53  SCV  
  39  5:56  SCV  
  43  6:06  SCV  
  43  6:07  Viking  
  43  6:09  SCV  
  47  6:11  Marine  
  47  6:18  SCV  
  49  6:21  SCV  
  50  6:27  Viking  
  50  6:30  SCV  
  53  6:33  SCV  
  53  6:37  Barracks  
  54  6:40  Barracks  
  54  6:42  SCV  
  54  6:45  Marine  
  56  6:48  SCV  
  56  6:54  SCV  
  56  6:56  Refinery  
  57  7:14  Marine  
  58  7:18  Supply Depot  
  58  7:19  Supply Depot  
  58  7:21  SCV  
  55  7:32  Marine  
  55  7:34  Barracks Reactor x2  
  55  7:35  SCV x2  
  51  7:49  Marine  
  51  7:50  SCV  
  51  8:00  SCV  
  51  8:01  Barracks  
  51  8:03  Barracks  
  52  8:07  Marine  
  52  8:09  Medivac  
  52  8:10  Refinery  
  52  8:11  Marine x3, Stimpack  
  52  8:12  Marine  
  59  8:14  SCV  
  59  8:15  SCV  
  59  8:17  Supply Depot  
  61  8:22  Engineering Bay  
  61  8:25  Marine  
  62  8:29  Marine x4  
  62  8:30  SCV  
  62  8:40  SCV  
  60  8:43  Marine  
  60  8:47  Marine x3, Siege Tank  
  68  8:48  SCV  
  68  8:52  SCV  
  68  8:53  Barracks Reactor  
  69  8:57  Marine  
  69  8:58  Terran Infantry Weapons Level 1  
  69  9:00  SCV  
  71  9:04  SCV  
  71  9:07  Marine  
  71  9:08  Medivac  
  75  9:12  SCV  
  75  9:16  Barracks Reactor, SCV  
  77  9:19  Supply Depot  
  77  9:20  Supply Depot  
  77  9:23  Marine, Medivac  
  80  9:24  SCV  
  80  9:27  Marine x2  
  80  9:31  Marine x2  
  82  9:34  SCV  
  82  9:36  Marine  
  86  9:44  SCV  
  87  9:47  Marine  
  87  9:50  SCV  
  89  9:56  SCV  
  90  10:00  Marine  
  90  10:01  Marine  
  90  10:02  Marine, Siege Tank, SCV  
  94  10:11  Combat Shields  
  79  10:15  Marine x3  
  79  10:16  Marine x3  
  79  10:17  Medivac x2  
  79  10:18  Marine  
  79  10:21  Marine x2  
  90  10:26  Supply Depot  
  90  10:27  Supply Depot  
  92  10:32  Marine  
  92  10:33  Marine x3  
  96  10:38  Marine  
  96  10:39  Marine  
  96  10:40  Marine x3  
  100  10:47  Siege Tank  
  103  10:50  Marine, Medivac  
  103  10:53  Terran Infantry Armor Level 1  
  97  11:06  SCV  
  97  11:08  SCV  
  98  11:17  Marine  
  98  11:18  Marine x6  
  99  11:19  Medivac, Siege Tank  
  99  11:25  Supply Depot x2  
  110  11:28  Marine  
  111  11:38  Command Center  
  111  11:46  Marine x5  
  111  11:47  Marine x2  
  107  12:06  SCV x2  
  107  12:07  Marine  
  107  12:08  Marine x7  
  104  12:18  SCV x2  
  104  12:20  Marine  
  106  12:25  Marine x2  
  108  12:30  SCV x2  
Show
View Real Time Build Order
Export as new Build Order

mycerion Terran 

Build Orders: 1/1/1, Banshee Rush 

Get SALT Encoding   

  12  0:01  SCV  
  13  0:13  SCV  
  14  0:17  Supply Depot  
  14  0:25  SCV  
  15  0:29  Refinery  
  15  0:39  SCV  
  16  0:45  Barracks  
  16  0:51  SCV  
  17  1:03  SCV  
  18  1:15  SCV  
  19  1:32  Marine  
  19  1:33  Factory, Orbital Command  
  19  1:37  Refinery  
  20  1:44  Supply Depot  
  20  1:51  Barracks Tech Lab  
  20  1:58  SCV  
  21  2:10  SCV  
  22  2:17  Starport  
  22  2:18  Hellion  
  23  2:23  SCV  
  23  2:24  Marine  
  25  2:35  SCV  
  26  2:39  Hellion  
  28  2:44  Supply Depot  
  29  2:54  Cloaking Field  
  29  2:56  SCV  
  29  3:05  Banshee  
  29  3:06  Marine  
  29  3:10  SCV  
  34  3:16  Factory Tech Lab  
  34  3:20  Supply Depot  
  34  3:23  SCV  
  34  3:24  Marine  
  36  3:35  SCV  
  37  3:42  Siege Tank  
  37  3:43  Supply Depot  
  37  3:45  Marine  
  41  3:51  Raven  
  41  3:55  SCV  
  44  4:02  Supply Depot  
  43  4:07  Marine  
  43  4:12  SCV  
  39  4:24  Marine, SCV  
  39  4:36  SCV  
  40  4:48  Marine, SCV  
  39  5:06  Barracks Reactor  
  39  5:14  Medivac  
  39  5:16  SCV  
  42  5:23  Barracks  
  42  5:27  Command Center  
  42  5:29  Siege Tank  
  42  5:33  Barracks  
  42  5:35  SCV  
  46  5:40  Supply Depot  
  46  5:42  Marine x2  
  48  5:48  SCV  
  49  5:52  Medivac  
  51  5:58  Barracks  
  49  6:06  SCV  
  49  6:07  Marine x2  
  52  6:21  SCV  
  52  6:23  Siege Tank  
  52  6:24  Starport Reactor  
  45  6:32  Marine x2  
  47  6:33  Marine x2  
  57  6:40  Orbital Command  
  49  6:47  Marine  
  49  6:50  SCV  
  49  6:51  Barracks  
  51  6:54  Engineering Bay  
  51  7:02  SCV  
  54  7:09  Marine x3  
  54  7:10  Marine x2  
  54  7:14  SCV  
  57  7:19  SCV  
  58  7:26  SCV  
  58  7:27  Marine x2  
  58  7:28  Terran Infantry Weapons Level 1  
  60  7:30  Supply Depot  
  60  7:32  Marine, SCV  
  62  7:38  SCV  
  62  7:44  SCV  
  57  7:49  Marine x2  
  57  7:50  SCV  
  61  7:55  Marine, Medivac  
  61  7:56  SCV  
  61  7:58  Stimpack  
  66  7:59  Barracks Reactor, Barracks Tech Lab  
  66  8:00  Barracks Reactor  
  66  8:02  SCV  
  65  8:07  Marine x2  
  65  8:08  SCV  
  68  8:13  Medivac  
  68  8:15  Marine, SCV  
  68  8:19  Combat Shields  
  72  8:21  SCV  
  73  8:28  Marine x2, SCV  
  76  8:39  SCV  
  76  8:40  Marine x4  
  73  8:46  Marine  
  73  8:47  Refinery  
  72  8:48  Supply Depot  
  72  8:49  Refinery  
  72  8:51  Starport Tech Lab  
  72  8:57  Marine, SCV x2  
  72  8:58  Marine x2  
  72  8:59  Marine x4  
  81  9:04  Supply Depot, Marine  
  81  9:09  SCV  
  83  9:10  Banshee  
  83  9:16  Marine x2  
  88  9:19  Starport  
  88  9:23  Marine x2  
  90  9:30  Marine x4, Terran Infantry Armor Level 1  
  94  9:34  Siege Tank  
  97  9:42  Marine x2  
  99  9:45  Marine x2  
  99  9:48  Marine  
  99  9:51  Supply Depot x2  
  102  9:58  Marine  
  102  9:59  Marine  
  92  10:07  SCV  
  92  10:13  SCV  
  86  10:14  Marine  
  86  10:15  Marine x3  
  86  10:18  Command Center  
  86  10:19  SCV  
  91  10:23  Marine x3  
  91  10:27  Marine  
  95  10:28  Siege Tank  
  95  10:32  Marine x2, Banshee  
  95  10:35  SCV  
  104  10:40  Marine x2  
  105  10:52  SCV x2  
  105  10:54  Marine x2  
  103  11:09  Marine x4, SCV  
  103  11:10  Marine, Siege Tank  
  108  11:17  Marine  
  108  11:18  Marine, Medivac x2  
  114  11:30  Sensor Tower  
  114  11:34  Marine x2  
  114  11:35  Marine x3  
  112  11:47  SCV  
  112  11:51  SCV  
  103  11:55  Marine x3  
  103  11:58  Marine  
  103  11:59  SCV  
  86  12:07  SCV  
  78  12:12  Marine  
  73  12:25  SCV x2  
Tags
 
Matchup
TvT
Opening
1/1/11/1/1
Race
Terran
Strategy
Banshee Rush
Add a new tag
Caveats
  • Supply blocks, unpowered buildings, or Contaminate may cause inaccurate times.
  • Supply counts are checked every 10 seconds.